Map: Ascension to Aiur LE

Players

Arnovic

  • Race: Protoss Protoss
  • Spawn Location: 5:00

MperorM - Winner!

  • Race: Terran Terran
  • Spawn Location: 11:00

Event: WCS Valencia 2017

VOD

Have the link to the VOD?

Description

Time

  • Played on: July 13, 2017, 7:40 a.m.
  • Length: 17:04

All games in this series

Show
View Real Time Build Order
Export as new Build Order

Arnovic Protoss 

Build Orders: 1 Gate Expand, Oracle Opening, Phoenix Opening 

Get SALT Encoding   

  12  0:00  Probe (Chrono Boost)  
  13  0:11  Probe (Chrono Boost)  
  14  0:17  Pylon  
  14  0:21  Probe (Chrono Boost)  
  16  0:35  Probe (Chrono Boost)  
  16  0:37  Gateway  
  16  0:42  Assimilator  
  16  0:46  Probe (Chrono Boost)  
  17  0:57  Probe (Chrono Boost)  
  18  1:07  Probe (Chrono Boost)  
  19  1:20  Nexus  
  19  1:23  Probe (Chrono Boost)  
  20  1:35  Cybernetics Core  
  20  1:37  Probe (Chrono Boost)  
  21  1:42  Assimilator  
  21  1:47  Probe (Chrono Boost)  
  21  1:53  Pylon  
  22  1:58  Probe (Chrono Boost)  
  23  2:11  Probe, Adept (Chrono Boost)  
  23  2:12  Warp Gate  
  26  2:23  Probe  
  26  2:25  Stargate  
  27  2:35  Probe, Adept (Chrono Boost)  
  30  2:37  Probe  
  31  2:47  Probe (Chrono Boost)  
  31  2:49  Probe (Chrono Boost)  
  34  2:58  Probe (Chrono Boost)  
  34  2:59  Probe (Chrono Boost)  
  35  3:08  Probe, Oracle (Chrono Boost)  
  35  3:09  Probe  
  40  3:19  Probe  
  40  3:21  Probe  
  40  3:26  Pylon  
  42  3:30  Probe  
  42  3:31  Pylon  
  42  3:33  Mothership Core  
  45  3:40  Probe  
  45  3:45  Phoenix (Chrono Boost)  
  48  3:51  Gateway x2  
  48  3:52  Probe  
  48  3:54  Probe  
  49  4:02  Probe  
  49  4:06  Probe  
  49  4:08  Phoenix (Chrono Boost)  
  53  4:13  Probe  
  53  4:16  Nexus  
  54  4:18  Probe  
  54  4:23  Probe  
  55  4:30  Probe  
  57  4:33  Phoenix (Chrono Boost)  
  57  4:34  Probe  
  59  4:43  Probe  
  59  4:44  Probe  
  60  4:49  Assimilator  
  61  4:53  Assimilator  
  61  4:55  Probe  
  62  5:04  Pylon  
  62  5:05  Probe  
  62  5:06  Pylon  
  62  5:16  Twilight Council  
  62  5:18  Forge  
  62  5:20  Probe  
  62  5:22  Probe, Phoenix (Chrono Boost)  
  62  5:23  Adept  
  68  5:31  Probe  
  68  5:34  Probe  
  68  5:35  Pylon  
  70  5:36  Probe  
  70  5:38  Adept  
  70  5:40  Pylon  
  70  5:41  Probe, Sentry, Protoss Ground Weapons Level 1  
  75  5:46  Probe  
  75  5:47  Probe  
  75  5:49  Adept  
  80  5:53  Resonating Glaives (Chrono Boost)  
  80  5:58  Probe  
  80  6:01  Sentry  
  80  6:02  Probe  
  84  6:06  Probe  
  82  6:14  Adept x2  
  82  6:15  Probe  
  82  6:16  Gateway  
  87  6:18  Gateway x2  
  87  6:21  Probe  
  87  6:22  Pylon  
  87  6:23  Pylon  
  88  6:25  Oracle  
  91  6:33  Probe, Sentry, Robotics Facility  
  94  6:42  Probe  
  94  6:45  Adept x2  
  96  6:56  Probe  
  97  7:01  Phoenix  
  97  7:05  Gateway  
  97  7:07  Gateway  
  99  7:10  Probe, Pylon, Adept x3  
  99  7:11  Probe  
  99  7:12  Probe  
  99  7:14  Pylon  
  108  7:16  Assimilator  
  108  7:19  Assimilator  
  108  7:21  Warp Prism (Chrono Boost)  
  110  7:23  Phoenix  
  110  7:27  Adept x2  
  116  7:31  Probe  
  116  7:33  Adept x4  
  124  7:44  Probe  
  124  7:47  Adept x2  
  124  7:49  Protoss Ground Armor Level 1  
  126  7:57  Observer (Chrono Boost)  
  123  8:00  Adept x4  
  121  8:17  Nexus  
  101  8:20  Adept x4  
  101  8:22  Adept x4  
  111  8:33  Phoenix  
  103  8:38  Blink  
  103  8:43  Sentry  
  103  8:44  Pylon, Robotics Bay  
  103  8:45  Pylon, Robotics Facility, Adept x2  
  109  8:49  Pylon  
  109  8:54  Probe  
  109  8:55  Probe  
  109  8:57  Sentry  
  109  8:58  Stalker  
  109  8:59  Stalker  
  109  9:00  Adept  
  115  9:07  Adept x4  
  121  9:15  Phoenix  
  121  9:21  Adept x2  
  121  9:22  Adept  
  127  9:25  Observer (Chrono Boost)  
  122  9:36  Adept x5  
  130  9:43  Colossus (Chrono Boost)  
  130  9:46  Warp Prism (Chrono Boost)  
  126  9:53  Adept x2  
  126  9:55  Phoenix, Adept  
  134  10:02  Stalker x2  
  138  10:11  Gateway  
  138  10:12  Gateway  
  138  10:19  Adept x2  
  138  10:20  Stalker x4  
  150  10:29  Pylon x2, Adept  
  150  10:30  Adept  
  154  10:40  Adept x2  
  157  10:43  Colossus (Chrono Boost)  
  157  10:44  Colossus (Chrono Boost)  
  165  10:53  Adept x3  
  158  10:59  Adept x3  
  124  11:10  Adept x2  
  116  11:16  Adept  
  116  11:17  Adept x2  
  112  11:25  Adept x5  
  108  11:29  Extended Thermal Lance (Chrono Boost)  
  108  11:30  Adept  
  104  11:49  Adept  
  102  11:59  Stalker x3  
  102  12:00  Stalker x4  
  110  12:05  Stalker  
  110  12:10  Probe x2  
  110  12:12  Probe  
  111  12:16  Observer  
  111  12:19  Observer  
  111  12:26  Adept x2  
  115  12:30  Adept  
  115  12:35  Probe (Chrono Boost), Pylon  
  115  12:37  Probe (Chrono Boost)  
  119  12:40  Probe (Chrono Boost)  
  120  12:44  Assimilator  
  120  12:46  Probe (Chrono Boost)  
  120  12:48  Assimilator  
  121  12:59  Adept x2  
  121  13:04  Adept x2  
  125  13:13  Sentry x2  
  125  13:14  Adept x2  
  131  13:21  Adept x2  
  118  13:28  Adept x2  
  122  13:35  Zealot  
  122  13:39  Sentry x2  
  124  13:51  Disruptor x2 (Chrono Boost)  
  126  14:03  Adept x2  
  126  14:05  Adept  
  126  14:06  Adept  
  128  14:22  Adept  
  128  14:23  Adept x3  
  133  14:33  Adept x2  
  133  14:38  Stalker  
  131  14:50  Adept x3  
  129  14:58  Stalker x2  
  123  15:04  Stalker  
  119  15:09  Adept  
  119  15:11  Adept  
  119  15:22  Sentry x3  
  124  15:35  Stalker x2  
  124  15:36  Stalker  
  124  15:40  Stalker  
  124  15:51  Adept x3  
  107  16:24  Pylon  
  107  16:33  Pylon  
Show
View Real Time Build Order
Export as new Build Order

MperorM Terran - Winner!

Build Orders: Reaper Expand, MMM Bio 

Get SALT Encoding   

  12  0:00  SCV  
  13  0:12  SCV  
  14  0:17  Supply Depot  
  14  0:24  SCV  
  15  0:29  Refinery  
  15  0:38  SCV  
  16  0:45  Barracks  
  16  0:51  SCV  
  17  1:03  SCV  
  18  1:15  SCV  
  19  1:32  Orbital Command, Reaper  
  20  1:47  Command Center  
  20  1:58  Factory  
  20  2:00  SCV  
  21  2:06  Barracks Reactor  
  21  2:12  SCV  
  21  2:14  Supply Depot  
  22  2:20  Refinery  
  22  2:24  SCV  
  23  2:37  SCV  
  24  2:44  Marine x2, Starport  
  24  2:49  SCV  
  24  2:50  Widow Mine  
  29  3:01  SCV  
  29  3:02  Marine  
  29  3:03  Marine  
  32  3:13  SCV  
  32  3:15  Orbital Command  
  33  3:20  Widow Mine  
  33  3:21  Medivac  
  33  3:22  Marine  
  33  3:24  Marine  
  39  3:29  SCV  
  40  3:38  Supply Depot  
  40  3:40  Marine  
  40  3:41  SCV x2  
  42  3:42  Marine  
  44  3:52  Factory Tech Lab  
  44  3:55  SCV  
  45  3:56  SCV  
  45  3:57  Starport Reactor  
  45  3:59  Marine  
  45  4:00  Marine  
  48  4:09  SCV x2  
  49  4:14  Command Center  
  49  4:18  Marine  
  49  4:19  Marine  
  49  4:21  Barracks  
  51  4:25  SCV  
  51  4:26  SCV  
  50  4:37  Marine, SCV  
  51  4:39  SCV  
  51  4:41  Medivac  
  54  4:46  Supply Depot  
  54  4:47  Factory Reactor  
  54  4:49  Marine, Medivac  
  54  4:50  Engineering Bay  
  54  4:51  SCV  
  54  4:52  Engineering Bay  
  58  4:53  SCV  
  59  5:02  Marine  
  59  5:04  SCV  
  59  5:07  Marine  
  61  5:13  Medivac  
  65  5:14  SCV  
  65  5:17  Refinery  
  65  5:18  Terran Infantry Weapons Level 1  
  65  5:19  Medivac  
  65  5:20  Barracks  
  67  5:21  Marine  
  67  5:24  SCV  
  67  5:31  Terran Infantry Armor Level 1  
  67  5:32  SCV  
  68  5:36  SCV, Marine x2  
  71  5:44  SCV  
  71  5:47  Stimpack  
  71  5:48  SCV  
  73  5:52  Orbital Command  
  73  5:53  Widow Mine  
  73  5:54  Widow Mine  
  73  5:56  Marine, SCV  
  79  6:00  Missile Turret  
  79  6:01  SCV  
  79  6:02  Marine  
  81  6:08  SCV  
  81  6:11  Barracks Reactor  
  81  6:13  SCV  
  82  6:20  SCV  
  82  6:22  Marine x2  
  85  6:26  Refinery  
  85  6:27  Supply Depot  
  85  6:28  Barracks  
  85  6:29  Barracks, Armory  
  85  6:31  Supply Depot  
  85  6:40  Supply Depot  
  85  6:44  Liberator x2  
  85  6:47  SCV  
  85  6:48  Widow Mine x2  
  85  6:49  Marauder, SCV x2  
  91  6:54  Marine  
  91  6:55  Marine x2  
  91  6:59  SCV  
  95  7:01  SCV  
  95  7:02  SCV  
  95  7:07  Supply Depot x2  
  103  7:09  Marine  
  103  7:11  Marauder, SCV  
  103  7:15  SCV  
  108  7:16  Refinery  
  108  7:17  Barracks Tech Lab  
  108  7:18  Barracks Tech Lab  
  108  7:19  SCV  
  108  7:20  Supply Depot  
  109  7:27  Liberator  
  109  7:28  Widow Mine  
  109  7:29  Marine x3, SCV x2  
  116  7:31  SCV  
  116  7:33  Supply Depot  
  116  7:34  Supply Depot  
  117  7:38  Command Center  
  117  7:42  Concussive Shells  
  117  7:45  Combat Shields  
  117  7:47  Marine  
  117  7:48  Marauder, Marine  
  117  7:51  Marine  
  124  7:52  Marauder x2, Marine  
  124  7:54  SCV  
  124  7:56  SCV  
  129  8:04  Supply Depot  
  129  8:05  Supply Depot  
  129  8:06  Terran Infantry Armor Level 2  
  129  8:07  SCV  
  129  8:10  SCV  
  129  8:12  SCV  
  122  8:16  Widow Mine x2  
  116  8:23  Liberator  
  116  8:25  Marine x6  
  116  8:26  Marauder, SCV  
  110  8:27  SCV  
  111  8:44  Marauder, Liberator  
  111  8:47  SCV  
  110  8:50  SCV, Marine x4  
  110  8:51  Marine x2, SCV  
  115  8:59  SCV  
  115  9:01  Widow Mine x2  
  121  9:03  SCV  
  121  9:05  Marauder  
  121  9:06  Liberator, SCV  
  121  9:08  Marine  
  121  9:09  Refinery  
  126  9:12  Marine x3  
  126  9:13  Marauder  
  129  9:18  SCV x2  
  129  9:19  SCV  
  130  9:25  Marine  
  130  9:26  SCV  
  130  9:30  SCV  
  132  9:32  Liberator  
  129  9:39  Marine x4  
  129  9:40  Marauder x2  
  129  9:41  SCV  
  138  9:48  SCV x2  
  143  9:53  SCV  
  143  9:54  Orbital Command, Refinery  
  143  10:00  SCV x2  
  143  10:05  SCV  
  146  10:08  Terran Infantry Weapons Level 2  
  146  10:10  Marine x5  
  146  10:12  Marauder  
  146  10:13  Marauder  
  153  10:15  SCV  
  153  10:16  SCV  
  153  10:18  Barracks  
  153  10:19  Barracks  
  155  10:27  Marine  
  156  10:32  SCV  
  157  10:41  Marine x2  
  157  10:42  Marauder  
  161  10:43  Terran Infantry Armor Level 3  
  152  10:55  SCV, Marine  
  152  10:56  Marauder  
  146  10:57  SCV  
  146  10:58  SCV  
  146  11:00  SCV  
  146  11:03  Marine  
  123  11:04  Marauder  
  123  11:06  Medivac x2  
  123  11:07  SCV  
  119  11:12  Barracks Reactor x2  
  119  11:15  SCV, Barracks  
  119  11:17  Barracks x4  
  118  11:25  Marine x5  
  125  11:26  Marauder x2, Widow Mine x2  
  125  11:29  SCV x2  
  129  11:32  SCV  
  129  11:36  Medivac  
  129  11:38  SCV  
  126  11:41  SCV  
  126  11:42  Marine  
  126  11:43  Marauder, Marine  
  129  11:47  Marauder x2  
  129  11:50  Medivac  
  129  11:51  SCV x2, Marine  
  129  11:52  Marine  
  131  12:00  Marine  
  119  12:01  SCV  
  119  12:04  SCV  
  119  12:05  Marauder  
  119  12:06  Medivac  
  120  12:08  Marine  
  120  12:09  Marine x3  
  120  12:11  SCV x2  
  122  12:21  Barracks Reactor x2, Barracks Tech Lab x3  
  121  12:24  SCV x2  
  121  12:25  Marauder, Marine, SCV  
  126  12:30  Liberator  
  126  12:46  Marine x2  
  126  12:47  Marauder, Marine x3  
  126  12:51  Marauder x3  
  142  12:53  Orbital Command  
  142  12:57  Marauder, Marine x2  
  146  13:06  Marauder, Marine x2, SCV  
  146  13:07  Marine x2  
  146  13:08  SCV  
  150  13:14  SCV  
  150  13:15  Marine x3  
  150  13:16  Marauder  
  150  13:17  Marine  
  150  13:19  Liberator x2, SCV  
  154  13:20  SCV  
  154  13:25  SCV  
  128  13:31  Marauder, Marine, SCV  
  132  13:35  Marine x12  
  132  13:36  Marauder x2  
  132  13:37  Marauder  
  132  13:38  Refinery  
  132  13:39  SCV  
  132  13:40  Refinery  
  155  13:49  Marine  
  155  13:50  Marine  
  155  13:52  Marine x2  
  158  13:56  Marine  
  158  13:57  Marauder  
  158  14:00  SCV x2  
  158  14:02  Marauder, Marine x2, Starport  
  166  14:03  Marine  
  166  14:04  Marine x4  
  166  14:07  Marine  
  166  14:08  Marauder  
  173  14:12  SCV  
  173  14:14  Terran Infantry Weapons Level 3  
  173  14:15  Marine x4  
  176  14:23  SCV  
  175  14:24  Liberator  
  175  14:25  SCV  
  175  14:29  Marine x4  
  180  14:38  Marine x2  
  180  14:39  Marine x3  
  180  14:40  Starport Reactor  
  180  14:41  Starport  
  180  14:42  SCV  
  181  14:51  SCV  
  172  14:55  Liberator, Marine, Marauder  
  172  14:59  SCV  
  158  15:00  Marine x8  
  162  15:07  Liberator  
  162  15:12  SCV  
  166  15:14  Liberator  
  165  15:26  Marauder, Marine  
  165  15:27  Marauder x3  
  177  15:32  Starport Reactor  
  180  15:39  Liberator  
  178  15:45  Liberator  
  175  15:52  Marine  
  175  15:53  Marine x11  
  183  16:09  SCV  
  183  16:10  Marine  
  169  16:11  Marauder x2  
  169  16:17  Orbital Command, Refinery  
  161  16:21  SCV x3  
  161  16:24  Marine x4  
  161  16:25  Marine  
  169  16:32  Refinery  
  172  16:33  SCV  
  172  16:36  Refinery  
Tags
 
Add a new tag
Caveats
  • Supply blocks, unpowered buildings, or Contaminate may cause inaccurate times.
  • Supply counts are checked every 10 seconds.